woodfighter, neutral female human Wizard ----- --------- |<..--- ------.......-- |.....---|.........--..| --..|....|.---------|..| ---|.........| ---- ----.|...)|-- ---- -----..|..----...- ------ |..|....|..[..- |%%%%| --...[[))...... ....| |..).[.---.... -|- ------%...| --- -----.---...-|...- |..|-s.G......|..- .. |..-@..%.....[%... | ----.....{....--- ..........- ....... ..--- woodfighter the Thaumaturge Experience level: 7 Strength: 8 Dexterity: 9 Constitution: 16 Intelligence: 19 Wisdom: 18 Charisma: 8 Health: 0(51) Energy: 65(88) Def: 3 Gold: 85 Moves: 3236 Dungeon seed: 5hLycV1nx84xCM3u Game ID: woodfighter_1447412574 Your Inventory: Coins $ - 85 gold pieces Weapons a - a blessed +1 quarterstaff (weapon in hands) W - a blessed +1 elven dagger Armor c - an uncursed +0 dwarvish cloak e - an uncursed +0 cloak of magic resistance (being worn) q - an uncursed +0 orcish helm (being worn) y - an uncursed +0 pair of kicking boots (being worn) z - an uncursed +0 dwarvish cloak K - an uncursed +0 dwarvish cloak N - an uncursed +0 dwarvish cloak O - an uncursed +0 dwarvish cloak U - an uncursed +0 dwarvish cloak V - an uncursed +0 dwarvish cloak X - an uncursed +0 dwarvish cloak Y - an uncursed +0 dwarvish cloak Comestibles o - an uncursed food ration p - an uncursed lichen corpse G - an uncursed pizza Spellbooks L - an uncursed spellbook of invisibility M - an uncursed spellbook of light Potions b - an uncursed potion of acid R - 2 uncursed potions of extra healing Z - an uncursed potion of hallucination Rings l - an uncursed ring of see invisible s - an uncursed -1 ring of gain constitution F - an uncursed ring of see invisible Wands d - a wand of nothing (0:7) i - a wand of enlightenment (0:15) m - a wand of enlightenment (0:15) t - a wand of polymorph (0:7) D - a wand of probing (0:6) J - a wand of magic missile (0:3) Q - a blessed wand of probing (0:5) Tools h - an uncursed partly used tallow candle (lit) (0:37) j - 10 uncursed tallow candles (0:200) x - a +0 pick-axe H - an uncursed magic whistle Gems k - an uncursed worthless piece of white glass n - 4 uncursed worthless pieces of violet glass r - 3 uncursed worthless pieces of orange glass P - an uncursed opal S - 2 uncursed worthless pieces of yellow glass Spells and supernatural/magical abilities: Name Level Category Fail Memory a - force bolt 1 attack 3% 84% z - sleep 1 enchantment 3% 84% W - pray for help -- divine ? -- Your skills at the end: Miscellaneous Skills wands [Basic] Weapon Skills quarterstaff [Basic] Spellcasting Skills attack spells [Basic] enchantment spells [Basic] Final Attributes: You were devoutly aligned. You were magic-protected. You were unlucky. You are dead. Vanquished creatures: a gnome king a rope golem an imp 10 Mordor orcs a rock piercer a pony 7 gnome lords a gnomish wizard a ghoul 3 giant ants a kitten 10 dwarves a kobold lord 2 iguanas a centipede a wererat 3 killer bees 2 coyotes 3 hobbits 3 acid blobs a large kobold a gecko 2 giant rats 2 brown molds a red mold 20 gnomes 3 jackals 3 foxes 2 kobolds 2 newts 2 goblins 9 grid bugs 3 lichens 105 creatures vanquished. Voluntary challenges: You did not adorn yourself with jewelry or accessories. You had been an atheist until turn 3236. You used a wielded weapon 105 times, starting on turn 127. You did not apply a unicorn horn. You were illiterate. You never genocided any monsters. You never polymorphed an object. You never changed form. You used no wishes. You never split a pudding. You never wrote Elbereth's name. You violated your moral code, losing 1 point of alignment, starting on turn 1062. Dungeon overview: The Dungeons of Doom: levels 1 to 5 Level 1 (vault) a long staircase Level 2 a weapon shop Level 3 Level 4 (stash) stairs to The Gnomish Mines Level 5 The Gnomish Mines: levels 5 to 7 Level 5 stairs to The Dungeons of Doom Level 6 Level 7 <- You were here a delicatessen, a fountain History has recorded: On T:1 you entered the Dungeons of Doom to retrieve the Amulet of Yendor! On T:82 you reached level 2 of The Dungeons of Doom. On T:384 you advanced to experience level 2. On T:586 you reached level 3 of The Dungeons of Doom. On T:657 you advanced to experience level 3. On T:1337 you reached level 4 of The Dungeons of Doom. On T:1450 you reached level 5 of The Dungeons of Doom. On T:1557 you advanced to experience level 4. On T:1671 you reached level 1 of The Gnomish Mines. On T:1935 you advanced to experience level 5. On T:1953 you reached level 2 of The Gnomish Mines. On T:2067 you advanced to experience level 6. On T:2616 you reached level 3 of The Gnomish Mines. On T:2659 you advanced to experience level 7. Score breakdown: Gold: 85 ( 8 points) Experience: 7 levels ( 600 points) Exploration: 7 levels ( 180 points) Discoveries: 3 items ( 150 points) Variety of kills: 33 monsters ( 1650 points) Major goal: (nothing yet) ( 0 points) Survival: died (score multiplied by 3) Total score: 7764 Latest messages: You kill it! You put a scroll labeled KERNOD WEL into the large box. You put a spellbook of sleep into the large box. You put a blessed spellbook of force bolt into the large box. You put an uncursed spellbook of sleep into the large box. You put a dull spellbook into the large box. You put a dog eared spellbook into the large box. You put a bubbly potion into the large box. You put a swirly potion into the large box. You put a clear potion into the large box. You begin praying to Thoth. The giant spider bites! You die... Final status: Goodbye woodfighter the Wizard, killed by a giant spider, while praying... You died in The Gnomish Mines on dungeon level 7 with 7764 points, and 85 pieces of gold, after 3236 moves. You were level 7 with a maximum of 51 hit points when you died.